 Dungeon Crawl Stone Soup version 0.19.5 (webtiles) character file.

52 pps the Charlatan (level 3, 0/18 HPs)
             Began as a Spriggan Artificer on Mar 24, 2017.
             Was an Initiate of Dithmenos.
             Succumbed to an adder's poison
             ... on level 2 of the Dungeon.
             The game lasted 00:08:01 (1168 turns).

pps the Charlatan (Spriggan Artificer)              Turns: 1168, Time: 00:08:02

Health: 0/18       AC:  3    Str:  9    XL:     3   Next: 60%
Magic:  7/7        EV: 19    Int: 12    God:    Dithmenos [......]
Gold:   47         SH:  0    Dex: 16    Spells: 1 memorised, 1 level left

rFire  . . .     SeeInvis +     h - +1 short sword (speed)
rCold  . . .     Gourm    .     b - +0 robe
rNeg   . . .     Faith    .     (shield restricted)
rPois  .         Spirit   .     (helmet restricted)
rElec  .         Reflect  .     x - +0 cloak
rCorr  .         Harm     .     (gloves unavailable)
MR     .....                    (boots unavailable)
Stlth  ++........               (no amulet)
                                (no ring)
                                (no ring)

@: lethally poisoned (0 -> -4), very quick
A: unfitting armour, see invisible, herbivore 3, speed 3, slow metabolism 2
a: Renounce Religion


You were on level 2 of the Dungeon.
You worshipped Dithmenos.
Dithmenos was noncommittal.
You were not hungry.

You visited 1 branch of the dungeon, and saw 2 of its levels.

You collected 47 gold pieces.

Inventory:

Hand Weapons
 a - a +0 short sword
 h - a +1 short sword of speed (weapon)
 l - a +0 whip
 n - a +0 dagger
 o - a +0 hunting sling
 r - a +0 dagger
Missiles
 m - 5 stones (quivered)
 B - 18 arrows
Armour
 b - a +0 robe (worn)
 x - a +0 cloak (worn)
Jewellery
 k - a cursed -3 ring of evasion {unknown}
Wands
 c - a wand of flame (15/48)
 d - a wand of enslavement (15/24)
 e - a wand of random effects (15/48)
Scrolls
 g - a scroll of fear {unknown}
 i - a scroll of teleportation {unknown}
 v - 2 scrolls of identify {unknown}
 w - a scroll of magic mapping {unknown}
 y - a scroll of remove curse {unknown}
Potions
 p - a potion of brilliance {unknown}
 q - a potion of ambrosia {unknown}
 t - a potion of experience {unknown}
 u - a potion of curing {unknown}
 A - 2 potions of berserk rage {unknown}
Books
 z - a book of Changes

   Spells                             Type                      Level
   a - Beastly Appendage              Transmutation                1
   b - Sticks to Snakes               Transmutation                2
   c - Spider Form                    Transmutation/Poison         3
   d - Ice Form                       Ice/Transmutation            4
   e - Blade Hands                    Transmutation                5
Comestibles
 f - a bread ration
 j - 2 meat rations
 s - 2 fruits


   Skills:
 + Level 1.0 Fighting
 + Level 1.8 Short Blades
 + Level 1.7 Slings
 + Level 3.5 Dodging
 + Level 1.5 Stealth
 + Level 4.9 Evocations


You had one spell level left.
You knew the following spells:

 Your Spells              Type           Power        Failure   Level  Hunger
a - Beastly Appendage     Tmut           #.....       34%         1    ##.....


Dungeon Overview and Level Annotations

Branches:
Dungeon (2/15)

Altars:
Dithmenos


Innate Abilities, Weirdness & Mutations

You are very small and have problems with some larger weapons.
You are too small for most types of armour.
You have supernaturally acute eyesight. (SInv)
You are a herbivore.
You cover ground extremely quickly.
You need consume almost no food.


Message History

The adder misses you.
You hit the adder but do no damage.
The adder is almost dead.
You closely miss the adder.
The adder is almost dead.
The adder bites you.
* * * LOW HITPOINT WARNING * * *
You are lethally poisoned!
The adder poisons you!
You miss the adder.
The adder is almost dead.
* * * LOW HITPOINT WARNING * * *
You feel sick. The adder barely misses you.
You hit the adder.
The adder is almost dead.
The adder barely misses you.
You hit the adder.
You kill the adder!
Dithmenos accepts your kill.
You die...

...# #..#.#
...#####..#.##.#
............##.#
.<####.K..##.#
####S./.##.#
#.......##.#
#.......##.#
#......(##.########.#
#...###.(...@)†(....#
#).. #..#.##########
#... ##.#># #.. #...#
..w.# ....# .....#
...#..#


There were no monsters in sight!

Vanquished Creatures
  3 adders (D:2)
  A worm (D:2)
  A dart slug (D:2)
  A giant cockroach (D:2)
  3 goblins
  3 hobgoblins (D:1)
  2 jackals (D:2)
  4 kobolds
  A frilled lizard (D:2)
  3 rats
22 creatures vanquished.

Notes
Turn   | Place    | Note
-------+----------+-------------------------------------------
     0 | D:1      | pps the Spriggan Artificer began the quest for the Orb.
     0 | D:1      | Reached XP level 1. HP: 9/9 MP: 4/4
   597 | D:1      | Reached XP level 2. HP: 14/14 MP: 6/6
   950 | D:2      | Reached skill level 1 in Fighting
  1043 | D:2      | Learned a level 1 spell: Beastly Appendage
  1057 | D:2      | Found a shadowy altar of Dithmenos.
  1065 | D:2      | Reached XP level 3. HP: 18/18 MP: 7/7
  1096 | D:2      | Became a worshipper of Dithmenos the Shadowed
  1143 | D:2      | Reached skill level 1 in Slings
  1168 | D:2      | Succumbed to an adder's poison

Skill      XL: |  1  2  3 |
---------------+----------+-----
Fighting       | 1 |  1.0
Slings         | 1 |  1.7
Short Blades   | |  1.8
Dodging        | |  3.5
Stealth        | |  1.5
Evocations     | |  4.9

Action                   || total
-------------------------++-------
Melee: Short sword       ||    60
 Fire: Hunting sling     ||    22
 Cast: Beastly Appendage ||     1
Armor: Robe              ||     7
Dodge: Dodged            ||    35
